[Event "*** Titled Tuesday Blitz"]
[Site "Chess.com"]
[Date "2019.04.02"]
[Round "9"]
[White "joppie2"]
[Black "wonderfultime"]
[Result "0-1"]
[WhiteElo "2797"]
[BlackElo "2910"]
[TimeControl "180+2"]
[EndTime "16:04:29 PDT"]
[Termination "wonderfultime won by resignation"]

1. e4 c5 2. Nf3 Nf6 3. e5 Nd5 4.
Nc3 e6 5. Nxd5 exd5 6. d4 Nc6 7.
dxc5 Bxc5 8. Bd3 d6 9. exd6 Qxd6 10. O-O O-O 11. h3 Re8 12. a3 a5 13. Kh1 h6 14.
Bd2 Bd7 15. Nh2 Bb6 16. Qh5 Bc7 17. Nf3 Nd4 18. g3 g6 19. Qxh6 Nxf3 20. Bf4 Ne5 21. Rae1 Qf6 22. Bg5 Qf3+ 23. Kg1 Nxd3 24. cxd3 Rxe1 25.
Rxe1 Re8 26. Rxe8+ Bxe8 27. Be7 Bc6 28. d4 Bb6 29.
Qf8+ Kh7 30. Bc5 Bxc5 31. Qxc5 a4 32. Qe7 Kg7 33. h4 Qd1+ 34. Kh2 Qxd4 35. h5 Qxf2+ 36. Kh3 gxh5 37. Qg5+ Kf8 38. Qd8+ Be8 39. Qd6+ Kg8 40. Qe7 Qf5+ 41. Kh2 Bd7 42. Qd8+ Kh7 0-1

[Event "*** Titled Tuesday Blitz"]
[Site "Chess.com"]
[Date "2019.04.02"]
[Round "9"]
[White "albi1999"]
[Black "RegZryt"]
[Result "1-0"]
[WhiteElo "2640"]
[BlackElo "2577"]
[TimeControl "180+2"]
[EndTime "16:04:29 PDT"]
[Termination "albi1999 won by resignation"]

1. d4 d5 2. c4 e6 3. Nf3 Nf6 4. g3 Be7 5. Bg2 O-O 6. Qc2 b6 7. cxd5 exd5 8. O-O Bb7 9. Nc3 a6 10. Bf4 Nbd7 11. Rfd1 Re8 12. Rac1 Nf8 13. Ne5 Ne6 14.
Be3 c5 15. dxc5 bxc5 16. Qa4 Rb8 17. Nc4 d4 18. Bxb7 Rxb7 19. Bf4 Rb4 20. Qxa6 Qa8 21. Qxa8 Rxa8 22. Nb1 Rxa2 23. Nba3 Nd5 24. Bd2 Rb8 25. e3 dxe3 26. Bxe3 Nxe3 27. fxe3 Bf6 28. Rc2 Bxb2 29.
Rb1 Rxa3 30. Nxa3 Be5 31. Rxb8+ Bxb8 32. Nc4 h5 33. Kg2 Kh7 34. Kf3 g5 35. Ke4 Kg6 36. Kd5 Bc7 37. Rf2 h4 38. g4 Kg7 39. Kc6 Bb8 40. Kd7 Kf8 41. Rb2 Bc7 42. Ra2 h3 43. Rf2 Bb8 44. Nd6 Bxd6 45. Kxd6 Kg7 46. Kd5 Nf8 47.
Kxc5 Ng6 48. Kd5 Nh4 49. Ke4 Kg6 50. Rb2 f6 51. Rb7 Ng2 52. Kf3 Ne1+ 53. Kg3 Nc2 54.
Rb3 Ne1 55. Kxh3 Nf3 56. Kg3 Ne5 57. Rb5 Nc4 58. Kf3 Nd2+ 59. Ke2 Ne4 60. Rb4 Nc3+ 61. Kd3 Nd1 62. Kd2 Nf2 63. Ke2 Nh3 64. Kf3 f5 65.
Rb6+ Kf7 66. gxf5 1-0

[Event "*** Titled Tuesday Blitz"]
[Site "Chess.com"]
[Date "2019.04.02"]
[Round "9"]
[White "2nd_life"]
[Black "NMZanette"]
[Result "1-0"]
[WhiteElo "2464"]
[BlackElo "2232"]
[TimeControl "180+2"]
[EndTime "16:04:32 PDT"]
[Termination "2nd_life won by checkmate"]

1. e4 e5 2. f4 exf4 3. Nf3 d6 4. Nc3 g5 5. g3 fxg3 6. hxg3 Bg7 7. d4 h6 8. Be3 Bg4 9. Be2 Nc6 10. Qd2 Bd7 11.
O-O-O Nge7 12. Nh2 Ng6 13. Bh5 Nce7 14. Rhf1 c6 15.
Rf2 Qa5 16. Ng4 Bxg4 17. Bxg4 O-O 18. Rdf1 b5 19. Kb1 b4 20. Ne2 Rab8 21. Bf5 Rb6 22. Rh2 Ra6 23. Nc1 c5 24. Bxg5 hxg5 25. Qxg5 c4 26.
Qh5 Rb8 27. Bxg6 Nxg6 28. Qh7+ Kf8 29. Qxg6 Qc7 30. Rh7 f6 31. Rxf6+ Kg8 32. Rf5 b3 33. Rfh5 bxa2+ 34. Ka1 Kf8 35. Rh8+ Ke7 36. Qxg7+ Ke6 37. R5h6# 1-0

[Event "*** Titled Tuesday Blitz"]
[Site "Chess.com"]
[Date "2019.04.02"]
[Round "9"]
[White "VFernandezB"]
[Black "Benjoneliere44"]
[Result "0-1"]
[WhiteElo "2284"]
[BlackElo "2491"]
[TimeControl "180+2"]
[EndTime "16:04:35 PDT"]
[Termination "Benjoneliere44 won by checkmate"]

1. d4 Nf6 2. c4 g6 3. Nc3 Bg7 4. e4 d6 5. h3 O-O 6. Be3 Na6 7. Bd3 c5 8. d5 e6 9. Nf3 exd5 10.
exd5 Re8 11. O-O Nc7 12. Bc2 a6 13. a4 b6 14. Qd2 Qe7 15. Rfe1 Qf8 16. Re2 Bd7 17.
Rae1 b5 18. axb5 axb5 19. cxb5 Nxb5 20. Bf4 Nxc3 21. bxc3 Rxe2 22. Rxe2 Ra2 23. Qd1 Nh5 24. Bg5 Bf6 25. Bxf6 Nxf6 26. c4 Qa8 27. Kh2 Qa5 28. Qb1 Bf5 29. Nh4 Bxc2 30. Rxc2 Rxc2 31. Qxc2 Qe1 32.
Nf3 Qf1 33. Kg3 Nh5+ 34. Kh2 Nf4 35. Nh4 Ne2 36. Nf3 Qxf2 37. Qb2 Qg3+ 38. Kh1 Nf4 39. Qb8+ Kg7 40. Qb2+ f6 41. Qd2 Nxh3 42. Qe2 Nf4 43. Qe8 Qxg2# 0-1

[Event "*** Titled Tuesday Blitz"]
[Site "Chess.com"]
[Date "2019.04.02"]
[Round "9"]
[White "Panchenko_Dmitry"]
[Black "Manukyan_Artak"]
[Result "1-0"]
[WhiteElo "2537"]
[BlackElo "2449"]
[TimeControl "180+2"]
[EndTime "16:04:35 PDT"]
[Termination "Panchenko_Dmitry won by resignation"]

1. e4 c6 2. d4 d5 3. exd5 cxd5 4.
Bd3 Nf6 5. h3 g6 6. Ne2 Bg7 7.
c3 O-O 8. Bf4 Ne4 9. Nd2 Bf5 10.
Nf3 Nc6 11. O-O Re8 12. Ng3 Nxg3 13. Bxg3 Bxd3 14. Qxd3 Qb6 15. Rab1 a5 16. Rfe1 Qa6 17. Qe3 a4 18. Ne5 Nxe5 19. Bxe5 Rad8 20. Bxg7 Kxg7 21.
Qe5+ Qf6 22. Qc7 b6 23. a3 Qd6 24. Qxd6 Rxd6 25. f4 f6 26. Kf2 Kf7 27. Re3 Re6 28. Rbe1 Rxe3 29. Rxe3 e6 30. g4 Ra8 31. Kf3 Ra5 32. f5 exf5 33. gxf5 Ra7 34. Re6 gxf5 35. Rxb6 Kg6 36. Rb5 Kg5 37. h4+ Kg6 38. Kf4 h5 39. Rxd5 Rb7 40. Ra5 Rxb2 41. Rxa4 Rb3 42. Rc4 Rxa3 43. d5 Ra1 44. d6 Rf1+ 45. Ke3 Rd1 46. Rd4 Re1+ 47. Kf4 Rf1+ 48. Kg3 f4+ 49. Kg2 1-0

[Event "*** Titled Tuesday Blitz"]
[Site "Chess.com"]
[Date "2019.04.02"]
[Round "9"]
[White "fidezivkovic"]
[Black "chessking2151"]
[Result "0-1"]
[WhiteElo "2338"]
[BlackElo "2575"]
[TimeControl "180+2"]
[EndTime "16:04:36 PDT"]
[Termination "chessking2151 won by checkmate"]

1. e4 e5 2. Nf3 Nc6 3. d4 exd4 4. Bc4 Nf6 5. e5 d5 6. Bb5 Ne4 7. Nxd4 Bd7 8. Bxc6 bxc6 9. O-O Bc5 10. Be3 Qe7 11. f3 Nd6 12. f4 O-O 13. Nd2 f6 14. N2b3 Nc4 15. Nxc5 Nxe3 16. Qe2 Nxf1 17. Nxd7 Qxd7 18. e6 Qd6 19. Rxf1 f5 20. e7 Rfe8 21. Nxf5 Qf6 22. Qd3 Kh8 23. Re1 Rab8 24. b3 Qg6 25. Re5 Qf6 26. g4 g6 27. g5 Qf7 28. Qd4 gxf5 29.
Rxf5+ Qg7 30. Re5 Rxe7 31. Qxa7 Rbe8 32. Rxe7 Qxe7 33. Qd4+ Kg8 34. Kf2 Qe2+ 35. Kg3 Re3+ 36. Kh4 Qxh2+ 37. Kg4 Qh3# 0-1

[Event "*** Titled Tuesday Blitz"]
[Site "Chess.com"]
[Date "2019.04.02"]
[Round "9"]
[White "MatthewG-p4p"]
[Black "ENEASZ"]
[Result "1-0"]
[WhiteElo "2690"]
[BlackElo "2419"]
[TimeControl "180+2"]
[EndTime "16:04:38 PDT"]
[Termination "MatthewG-p4p won by resignation"]

1. Nf3 d5 2. b3 Nf6 3. Bb2 g6 4. e3 Bg7 5. c4 c6 6. Be2 O-O 7. O-O a5 8. a3 Bf5 9. d4 Ne4 10. Ne5 Nd7 11. f3 Nd6 12. Nd2 Be6 13. cxd5 cxd5 14. Bd3 Qb6 15. Qe2 Rac8 16. Kh1 Nxe5 17. dxe5 Nf5 18. Rfe1 Bh6 19. f4 a4 20. g4 Nxe3 21.
Qxe3 Qxe3 22. Rxe3 Bxf4 23. Re2 Bxg4 24. Rg2 Bxd2 25.
Rxd2 axb3 26. Kg2 h5 27. a4 Rfd8 28. a5 Be6 29. Bd4 h4 30. Rb2 h3+ 31. Kg3 Rc4 32. Bb6 Rc3 33. Bxd8 Rxd3+ 34. Kf2 Rc3 35. Bxe7 d4 36. Bg5 Bd5 37. Rd1 Rf3+ 38. Ke1 d3 39. Rf2 Rxf2 40. Kxf2 Be4 41. Ke3 Bf5 42. Kd2 Kg7 43.
Rb1 Be6 44. Rb2 Bc4 45. Kc3 1-0

[Event "*** Titled Tuesday Blitz"]
[Site "Chess.com"]
[Date "2019.04.02"]
[Round "9"]
[White "nabukatnezarr"]
[Black "MikaelyanArman"]
[Result "0-1"]
[WhiteElo "2584"]
[BlackElo "2749"]
[TimeControl "180+2"]
[EndTime "16:04:39 PDT"]
[Termination "MikaelyanArman won by resignation"]

1. e4 g6 2. d4 Bg7 3. Nf3 d6 4. Bc4 c6 5. Bb3 Nf6 6. Qe2 O-O 7. e5 dxe5 8. dxe5 Nd5 9. h3 Na6 10. a3 Nc5 11. Ba2 a5 12. O-O a4 13. Bg5 Qc7 14.
Nbd2 Bf5 15. Rac1 h6 16. Bh4 e6 17. Bg3 g5 18. Nc4 Ne4 19. Bh2 b5 20. Nd6 Nxd6 21. exd6 Qb6 22. c3 Rad8 23. Rfd1 Rfe8 24. g4 Bg6 25.
Ne5 Bh7 26. c4 bxc4 27. Nxc4 Qa6 28. Be5 Nf4 29. Qe3 Bxe5 30. Nxe5 Ne2+ 31. Kh2 Nxc1 32. d7 Re7 33. Rxc1 Rexd7 34. Rxc6 Qb7 35. Rxe6 fxe6 36. Bxe6+ Kh8 37. Qc3 Rd4 38. Nf7+ Kg7 39. Nxd8 Qb8+ 40. f4 0-1

[Event "*** Titled Tuesday Blitz"]
[Site "Chess.com"]
[Date "2019.04.02"]
[Round "9"]
[White "scaryninja"]
[Black "wannabe2700"]
[Result "1/2-1/2"]
[WhiteElo "2480"]
[BlackElo "2590"]
[TimeControl "180+2"]
[EndTime "16:04:42 PDT"]
[Termination "Game drawn by agreement"]

1. e4 e5 2. Nf3 Nf6 3. Nxe5 d6 4. Nf3 Nxe4 5. Nc3 Nxc3 6. dxc3 Be7 7. Be3 O-O 8. Qd2 Nd7 9. O-O-O Ne5 10. Be2 Ng4 11.
Kb1 Bd7 12. h3 Nxe3 13. Qxe3 Re8 14. Qd2 Bf6 15. Bd3 Bc6 16. Rhe1 Bxf3 17. gxf3 c6 18. Qf4 d5 19. Qf5 Rxe1 20. Qxh7+ Kf8 21. Rxe1 g6 22. h4 Bg7 23. h5 Qh4 24. hxg6 Qxf2 25. Rf1 Re8 26.
a3 Re1+ 27. Rxe1 Qxe1+ 28. Ka2 Qe6 29. f4 d4+ 30. c4 fxg6 31. Qxg6 Qxg6 32. Bxg6 c5 33.
Be4 b6 34. Kb3 Ke7 35. Ka4 Kd6 36. Kb5 Kc7 37. b3 a5 38. a4 Bf6 39. Bd5 Bg7 40.
f5 Bf6 41. Be4 Bg7 42. b4 axb4 43. a5 bxa5 44. Kxa5 Kd6 45. Kb5 Bf6 46. Bd3 Bd8 47. Ka6 Bg5 1/2-1/2

[Event "*** Titled Tuesday Blitz"]
[Site "Chess.com"]
[Date "2019.04.02"]
[Round "9"]
[White "Hikaru"]
[Black "Amirreza_p"]
[Result "0-1"]
[WhiteElo "3148"]
[BlackElo "2787"]
[TimeControl "180+2"]
[EndTime "16:04:43 PDT"]
[Termination "Amirreza_p won by checkmate"]

1. e4 e6 2. d4 d5 3. Nd2 c5 4. exd5 Qxd5 5. Ngf3 cxd4 6. Bc4 Qd7 7. O-O Nc6 8. Nb3 a6 9. Qe2 Bd6 10. Nbxd4 Nxd4 11. Nxd4 Qc7 12. h3 Ne7 13. Bg5 O-O 14. Rad1 Ng6 15.
Rfe1 b5 16. Bb3 Bb7 17. Nxe6 Bh2+ 18. Kh1 fxe6 19. Rd7 Qc6 20. Qxe6+ Kh8 21. Rxb7 Qxb7 22. Bd5 Qa7 23. Bxa8 Qxf2 24. Kxh2 Rxa8 25. Re2 Qf8 26. Rd2 Re8 27. Qxa6 Qf5 28. Qc6 Qe5+ 29. g3 Rf8 30. h4 Qxb2 31. c4 Qb1 32. Qxb5 Qe1 33. Qb6 Ne5 34. Rd8 Nf3+ 35. Kg2 Qe2+ 36. Kh3 Qf1+ 37. Kg4 Ne5+ 38. Kh5 Qf3+ 39. g4 Qxg4# 0-1

[Event "*** Titled Tuesday Blitz"]
[Site "Chess.com"]
[Date "2019.04.02"]
[Round "9"]
[White "almaguerjm"]
[Black "ristingho"]
[Result "1-0"]
[WhiteElo "2322"]
[BlackElo "2470"]
[TimeControl "180+2"]
[EndTime "16:04:44 PDT"]
[Termination "almaguerjm won by resignation"]

1. d4 Nf6 2. Nf3 c5 3. d5 b5 4. e4 Nxe4 5. Bd3 Nf6 6. Bxb5 Bb7 7.
Nc3 g6 8. O-O Bg7 9. d6 O-O 10.
dxe7 Qxe7 11. Re1 Qd8 12. Bg5 d5 13. Qd2 d4 14. Bxf6 Qxf6 15. Ne4 Qb6 16. Bc4 Nd7 17. a4 Qc7 18. a5 Rab8 19. b3 Ne5 20. Nxe5 Bxe5 21.
g3 Rbe8 22. Qh6 Bg7 23. Qh4 h6 24. Nf6+ Bxf6 25. Qxf6 Qc6 26. Qxc6 Bxc6 27. f4 Kg7 28. Kf2 Re4 29. Rxe4 Bxe4 30. Re1 f5 31. Bd3 Re8 32.
Ra1 Bxd3 33. cxd3 Rb8 34. Rc1 Rxb3 35. Rxc5 Rxd3 36. Rc7+ Kf6 37. Rxa7 Rd2+ 38. Kf3 Rxh2 39. Ra6+ Kf7 40. Ra7+ Ke6 41. Ra6+ Kd5 42. Rxg6 d3 43. Rg8 Kc4 44. a6 Kc3 45. a7 d2 46. Rc8+ Kb3 47. Rd8 d1=Q+ 48. Rxd1 Ra2 49. Rd7 Kc3 50. Rh7 Kd3 51.
Rd7+ Kc3 52. Ke3 Ra3 53. Rc7+ Kb4+ 54. Kd4 Kb5 55. Ke5 Kb6 56. Rh7 Ra5+ 57. Kf6 1-0

[Event "*** Titled Tuesday Blitz"]
[Site "Chess.com"]
[Date "2019.04.02"]
[Round "9"]
[White "2165149677570"]
[Black "warmoatmeal"]
[Result "1-0"]
[WhiteElo "2360"]
[BlackElo "1806"]
[TimeControl "180+2"]
[EndTime "16:04:48 PDT"]
[Termination "2165149677570 won by resignation"]

1. e4 c5 2. Nf3 e6 3. d4 cxd4 4. Nxd4 a6 5. Bd3 Nf6 6. Be3 Qc7 7. Nd2 Nc6 8. O-O Be7 9. Kh1 d6 10. f4 Nxd4 11. Bxd4 e5 12. Be3 Bg4 13. Qe1 O-O 14.
h3 Bd7 15. c4 b5 16. Rc1 b4 17. f5 Bc6 18. g4 Qb7 19. Bg1 Nd7 20. h4 h6 21. Bb1 Rfd8 22. Qg3 Nf6 23. Rce1 Nh7 24.
Be3 Nf6 25. Qg2 Nh7 26. g5 hxg5 27. hxg5 g6 28. f6 Bf8 29. Rf3 Bd7 30. Re2 Qc8 31.
Qg3 Bg4 32. Rh2 d5 33. exd5 e4 34. Nxe4 Bxf3+ 35. Qxf3 Qf5 36. Qxf5 gxf5 37. Ng3 Bd6 38. Bxf5 Bxg3 39. Bxh7+ Kf8 40. Rh3 Be5 41. Bf5 Kg8 42.
Bh7+ Kf8 43. Bc5+ Ke8 44. Bf5 1-0

[Event "*** Titled Tuesday Blitz"]
[Site "Chess.com"]
[Date "2019.04.02"]
[Round "9"]
[White "TheBigBadChessDad"]
[Black "Walter_White_Poland"]
[Result "1-0"]
[WhiteElo "2229"]
[BlackElo "2245"]
[TimeControl "180+2"]
[EndTime "16:04:49 PDT"]
[Termination "TheBigBadChessDad won by resignation"]

1. d4 Nf6 2. Nf3 c5 3. e3 b6 4. Nbd2 Bb7 5. b3 g6 6. Bb2 Bg7 7. dxc5 bxc5 8. c4 O-O 9. Be2 d6 10. O-O a5 11. a3 Nc6 12. Qc2 a4 13. bxa4 Qa5 14. Rab1 Rfb8 15. Bd1 Bc8 16. Bc3 Qa6 17. Rb5 Bd7 18. Ne4 Bf5 19. Bxf6 exf6 20. Nfd2 Re8 21. f3 Ne5 22. g4 Bd7 23. Kg2 Bxb5 24. cxb5 Qb6 25.
Nc4 Nxc4 26. Qxc4 Qa5 27. Bb3 Ra7 28. Nxd6 Qd2+ 29. Rf2 Qxd6 30. a5 Ree7 31. a6 Qb6 32.
Rd2 Bh6 33. f4 Rxe3 34. a4 Qa5 35. Rd6 Bxf4 36. Qxf4 Qe1 37. Bc4 Qc3 38. Qxf6 Qxf6 39. Rxf6 Re4 40. b6 Rd7 41. b7 Re3 42. b8=Q+ 1-0

[Event "*** Titled Tuesday Blitz"]
[Site "Chess.com"]
[Date "2019.04.02"]
[Round "9"]
[White "gmjoey1"]
[Black "Hunninn"]
[Result "1-0"]
[WhiteElo "2526"]
[BlackElo "2612"]
[TimeControl "180+2"]
[EndTime "16:04:54 PDT"]
[Termination "gmjoey1 won by resignation"]

1. e4 e5 2. Nf3 Nc6 3. Nc3 Nf6 4. Bb5 Bb4 5. O-O O-O 6. Nd5 Be7 7. Nxe7+ Qxe7 8.
Re1 d6 9. c3 Bg4 10. h3 Bd7 11.
a4 Nh5 12. d4 a6 13. Bxc6 Bxc6 14. Nxe5 dxe5 15. Qxh5 exd4 16. cxd4 Qb4 17. Qd1 Rfe8 18. f3 Rad8 19. Be3 Qxb2 20. d5 Bd7 21. Rb1 Qa3 22. Rxb7 Bxa4 23. Qd4 Bb5 24. Rxc7 Rd6 25. Ra1 Qb3 26. Qc3 Qxc3 27. Rxc3 f5 28. Bf4 Rd7 29. Re3 fxe4 30. fxe4 h6 31. h4 Rf8 32. g3 Re8 33.
Rc1 Kf7 34. Rc5 Kf6 35. e5+ Kf5 36. e6 Rdd8 37. d6+ Kg4 38. Kg2 Rc8 39. Rxc8 Rxc8 40.
d7 Rc2+ 41. Kg1 Rd2 42. Re5 Rd1+ 43. Kf2 Rf1+ 44. Kg2 Rd1 45. Rxb5 1-0

[Event "*** Titled Tuesday Blitz"]
[Site "Chess.com"]
[Date "2019.04.02"]
[Round "9"]
[White "Last7Samurai"]
[Black "Fy_Rakotomaharo"]
[Result "1-0"]
[WhiteElo "2742"]
[BlackElo "2632"]
[TimeControl "180+2"]
[EndTime "16:04:58 PDT"]
[Termination "Last7Samurai won by resignation"]

1. e4 c5 2. c3 d5 3. exd5 Qxd5 4. d4 e6 5. Nf3 Nf6 6. a3 Nc6 7. Be3 cxd4 8. cxd4 Be7 9. Nc3 Qa5 10. Bd3 O-O 11. O-O Bd7 12. b4 Qh5 13. h3 Rfd8 14. Re1 Be8 15. Qe2 Rac8 16. Rac1 a5 17. b5 Nb8 18.
Qb2 Nd5 19. Nxd5 Qxd5 20. Ne5 Nd7 21. Nc4 a4 22. Qb1 Nf6 23. Nb6 Rxc1 24. Nxd5 Rxb1 25. Nxe7+ Kf8 26. Rxb1 Kxe7 27. Rb4 Ra8 28. Rb1 Nd5 29. Bd2 Rc8 30. Be4 f5 31. Bxd5 exd5 32. Bb4+ Kf6 33.
Bc5 Bh5 34. f3 g5 35. Kf2 g4 36. fxg4 fxg4 37. h4 Bg6 38. Rc1 Kf5 39. Kg3 Ke4 40. Re1+ Kd3 41. Re7 Rb8 42. Ba7 Ra8 43. Rxb7 Kc4 44.
Bc5 Be8 45. b6 Kb5 46. Rxh7 Bc6 47. h5 Re8 48. h6 Re3+ 49. Kxg4 Rb3 50. Rc7 1-0

[Event "*** Titled Tuesday Blitz"]
[Site "Chess.com"]
[Date "2019.04.02"]
[Round "9"]
[White "Benek77"]
[Black "ElGasanov"]
[Result "0-1"]
[WhiteElo "2653"]
[BlackElo "2685"]
[TimeControl "180+2"]
[EndTime "16:04:58 PDT"]
[Termination "ElGasanov won by resignation"]

1. e4 Nc6 2. Nf3 d6 3. d4 Nf6 4. Nc3 g6 5. d5 Nb8 6. h3 Bg7 7. Be2 O-O 8. O-O c6 9. a4 b6 10. Nd4 Bb7 11. Re1 cxd5 12. exd5 Nxd5 13. Nxd5 Bxd5 14. Nf5 Bb7 15. Nxg7 Kxg7 16. Be3 Nd7 17. Qd2 Re8 18. a5 Qc7 19. Bh6+ Kg8 20. b4 Rac8 21. c4 Ne5 22. Qd4 Qc6 23. Bf1 f6 24. f4 Nxc4 25.
Rac1 d5 26. Bd3 bxa5 27. f5 e5 28. Qg4 g5 29. h4 Qb6+ 30. Kh1 Ne3 31. Qh5 Qd4 32.
Bxg5 Qxd3 33. Bxe3 d4 34. Qg4+ Kh8 35. Rcd1 Qc2 36.
Rd2 Qc6 37. Bh6 Rg8 38. Qh5 Rxg2 0-1

[Event "*** Titled Tuesday Blitz"]
[Site "Chess.com"]
[Date "2019.04.02"]
[Round "9"]
[White "STAYFlow"]
[Black "GM_RobertoMogranzini"]
[Result "0-1"]
[WhiteElo "2252"]
[BlackElo "2461"]
[TimeControl "180+2"]
[EndTime "16:04:59 PDT"]
[Termination "GM_RobertoMogranzini won by resignation"]

1. d4 Nf6 2. c4 c5 3. d5 b5 4.
cxb5 a6 5. bxa6 d6 6. Nc3 Bxa6 7. Nf3 g6 8. g3 Bg7 9. Bg2 Nbd7 10. O-O Nb6 11.
Rb1 Nc4 12. b3 Qa5 13. Na4 Bb5 14. bxc4 Bxa4 15. Qd2 Qa6 16. Qd3 Bd7 17. e4 Qxa2 18.
Bb2 O-O 19. Bc3 Ra3 20. Ra1 Qb3 21. Rxa3 Qxa3 22. Ra1 Qb3 23. Nd2 Qb7 24. h3 Ra8 25. Rxa8+ Qxa8 26. e5 Ne8 27. e6 fxe6 28. dxe6 Bc6 29.
Bxc6 Qxc6 30. Ne4 Bxc3 31. Nxc3 Nf6 32. Nd5 Nxd5 33. cxd5 Qa8 34. Qf3 Qf8 35. Qa3 Qf5 36. Qa8+ Kg7 37. Qe8 Qf6 38. Qc6 Qd4 39. Qe8 Qf6 40.
Qc6 Qf8 41. Kg2 h5 42. Kg1 h4 43. gxh4 Qf6 44. Qe8 c4 45. Qc8 c3 46. Kf1 Qd4 47. Qc7 Kf6 48. Qc8 Qxd5 49. Qh8+ Kxe6 50. Qg8+ Ke5 51.
f4+ Ke4 52. Qxg6+ Ke3 53. Qg3+ Kd2 54. Qf2+ Kd1 55. h5 Qd3+ 56. Kg2 c2 57. h6 c1=Q 0-1

[Event "*** Titled Tuesday Blitz"]
[Site "Chess.com"]
[Date "2019.04.02"]
[Round "9"]
[White "ruvat"]
[Black "StoreySniper"]
[Result "1-0"]
[WhiteElo "2311"]
[BlackElo "2448"]
[TimeControl "180+2"]
[EndTime "16:04:59 PDT"]
[Termination "ruvat won by resignation"]

1. d4 f5 2. g3 Nf6 3. Bg2 e6 4. Nf3 Be7 5. O-O O-O 6. c4 d6 7. b4 Qe8 8. Bb2 Qh5 9. e3 Ne4 10. Nfd2 Qxd1 11. Rxd1 Nxd2 12. Nxd2 Nd7 13. e4 Nb6 14. a4 a5 15. b5 Bd7 16. exf5 exf5 17. Bxb7 Rae8 18. Bg2 Bg5 19. f4 Bf6 20. Re1 Rxe1+ 21.
Rxe1 Nxa4 22. Ba1 Nb6 23. c5 Na4 24. Bd5+ Kh8 25. c6 Nb6 26. Ba2 Re8 27. Kf2 Rxe1 28.
Kxe1 Be8 29. Nc4 Nxc4 30. Bxc4 g5 31. fxg5 Bxg5 32. Be6 Bf6 33. Bxf5 a4 34. Ke2 a3 35. Kd3 a2 36. Bd7 Bg6+ 37. Kc4 Bf7+ 38. Kb4 Kg7 39. b6 cxb6 40. c7 1-0

[Event "*** Titled Tuesday Blitz"]
[Site "Chess.com"]
[Date "2019.04.02"]
[Round "9"]
[White "Martins-BR"]
[Black "Caterpiller35"]
[Result "1-0"]
[WhiteElo "2260"]
[BlackElo "2230"]
[TimeControl "180+2"]
[EndTime "16:05:00 PDT"]
[Termination "Martins-BR won on time"]

1. e4 c5 2. Nf3 g6 3. d4 cxd4 4.
Nxd4 Bg7 5. Nc3 Nc6 6. Be3 Nf6 7. Nxc6 bxc6 8. e5 Ng8 9. Bd4 Nh6 10. e6 O-O 11. Bxg7 Kxg7 12. Qd4+ f6 13. exd7 Qxd7 14. Qxd7 Bxd7 15. Bc4 e5 16. O-O-O Bf5 17. f3 Rad8 18. Na4 g5 19. Nc5 g4 20. Be6 Kg6 21. fxg4 Nxg4 22. Bxf5+ Kxf5 23. Rdf1+ Kg6 24. Ne6 Rfe8 25. Nxd8 Rxd8 26.
h3 Ne3 27. Rf2 f5 28. g3 h5 29. Re1 Nc4 30. b3 Nd6 31. Rxe5 Kf6 32. Rc5 Rc8 33.
Rf4 Kg6 34. a4 Rc7 35. Kd1 Ne4 36. Rcxf5 Nxg3 37. Rf6+ Kg7 38. Rd6 c5 39. h4 Re7 40.
Rd5 Ne2 41. Rf3 Nd4 42. Rg3+ Kh6 43. Rxc5 a5 44. Rd5 Ne2 45. Rf3 1-0

[Event "*** Titled Tuesday Blitz"]
[Site "Chess.com"]
[Date "2019.04.02"]
[Round "9"]
[White "mlchen"]
[Black "Satscho"]
[Result "1/2-1/2"]
[WhiteElo "2390"]
[BlackElo "2319"]
[TimeControl "180+2"]
[EndTime "16:05:00 PDT"]
[Termination "Game drawn by agreement"]

1. e4 c6 2. d4 d5 3. exd5 cxd5 4. c4 Nf6 5. Nc3 Nc6 6. Nf3 Be6 7. cxd5 Nxd5 8.
Be2 Nxc3 9. bxc3 g6 10. Rb1 Qc7 11. O-O Bg7 12. d5 Rd8 13. c4 Bf5 14. Bd3 Bxd3 15. Qxd3 Ne5 16. Nxe5 Bxe5 17. h3 O-O 18. Bh6 Rfe8 19.
Qe4 b6 20. f4 Bf6 21. f5 Rc8 22. Rbc1 Qc5+ 23. Kh1 Qd4 24. Qe2 Rc5 25. fxg6 hxg6 26. Rf4 Qe5 27. Re4 Qh5 28. Qxh5 gxh5 29. Be3 Rcc8 30.
Rf1 Kg7 31. g4 h4 32. g5 Bc3 33.
Rc1 Bb2 34. Rc2 Ba3 35. Rxh4 Rh8 36. Bd4+ f6 37. gxf6+ exf6 38. Rg2+ Kf7 39. Rxh8 Rxh8 40. Rg3 Rh4 41. Rxa3 Rxd4 42. Rxa7+ Kg6 43. Rc7 Rd1+ 44. Kg2 Rd2+ 45. Kg3 Rxa2 46. d6 Rd2 47. d7 Kf5 48. h4 Rd3+ 49. Kg2 Kg4 50. Rb7 Kxh4 51. Rxb6 Rxd7 52.
Rxf6 Kg4 53. Rf3 Rd2+ 54. Rf2 Rxf2+ 55. Kxf2 Kf4 56. Ke2 Ke4 57. c5 Kd5 1/2-1/2

[Event "*** Titled Tuesday Blitz"]
[Site "Chess.com"]
[Date "2019.04.02"]
[Round "9"]
[White "Alex_Molchanov"]
[Black "Twiceblessed"]
[Result "0-1"]
[WhiteElo "2476"]
[BlackElo "2579"]
[TimeControl "180+2"]
[EndTime "16:05:02 PDT"]
[Termination "Twiceblessed won by resignation"]

1. c4 Nf6 2. Nf3 e6 3. g3 d5 4.
Bg2 Be7 5. O-O O-O 6. b3 b6 7. Bb2 c5 8. e3 Ba6 9. Qe2 Nc6 10. d3 Qd7 11. Nc3 Rfd8 12. Rad1 Rac8 13. Ba1 d4 14. exd4 cxd4 15. Ne4 e5 16. Nxf6+ Bxf6 17. Nd2 b5 18. Ne4 Be7 19. f4 bxc4 20. bxc4 exf4 21.
Rxf4 Ne5 22. Qh5 Qc7 23. Ng5 Bxg5 24. Qxg5 Ng6 25. Rxd4 Qb6 26. c5 Qa5 27. Rxd8+ Rxd8 28. Bc3 Qc7 29. d4 h6 30. Qe3 Bb5 31. d5 Re8 32.
Qd4 Ne5 33. d6 Qd7 34. c6 Bxc6 35. Re1 f6 36. Bd5+ Kh8 37. Kg2 Qxd6 38. Rd1 Rd8 39. Be4 Qxd4 40. Rxd4 Rxd4 41. Bxd4 Bxe4+ 42. Kf2 Bd5 43. Bxa7 Bxa2 44. Ke3 Ng4+ 45. Kf4 Nxh2 46. Bg1 Nf1 47. Bd4 Nd2 48. Bc3 Nc4 49. Kf5 Kh7 50. Bd4 Nd6+ 51. Kf4 g5+ 52. Kg4 Kg6 53. Bc5 h5+ 54. Kf3 Bd5+ 55. Kf2 Ne4+ 0-1

[Event "*** Titled Tuesday Blitz"]
[Site "Chess.com"]
[Date "2019.04.02"]
[Round "9"]
[White "NikolaN98"]
[Black "Roenko_Artur"]
[Result "1-0"]
[WhiteElo "2528"]
[BlackElo "2277"]
[TimeControl "180+2"]
[EndTime "16:05:02 PDT"]
[Termination "NikolaN98 won on time"]

1. e4 e6 2. d4 d5 3. Nc3 Bb4 4. e5 c5 5. a3 Bxc3+ 6. bxc3 Ne7 7. Qg4 cxd4 8. cxd4 Qc7 9. Bd2 Qxc2 10. Qxg7 Rg8 11. Qh6 Nbc6 12. Nf3 Qe4+ 13. Qe3 Nf5 14. Qxe4 dxe4 15.
Ng5 Nfxd4 16. Rc1 Nb3 17. Nxe4 Nxc1 18. Nf6+ Kf8 19. Nxg8 Kxg8 20. Bxc1 Nxe5 21. f4 Nc6 22. Bd3 Bd7 23. Bb2 Rc8 24. Ke2 Ne7 25. Kd2 Bc6 26.
Re1 Nd5 27. g3 h6 28. Re5 Rd8 29. Ke2 a6 30. Rh5 f6 31. Rxh6 Kg7 32. Rh7+ Kg8 33. h4 b5 34. h5 a5 35. Ra7 b4 36. h6 bxa3 37. h7+ Kh8 38. Ba1 a2 39. Be4 Bb5+ 40. Kf2 e5 41. fxe5 1-0

[Event "*** Titled Tuesday Blitz"]
[Site "Chess.com"]
[Date "2019.04.02"]
[Round "9"]
[White "SloLev"]
[Black "Vice64"]
[Result "0-1"]
[WhiteElo "2482"]
[BlackElo "2550"]
[TimeControl "180+2"]
[EndTime "16:05:02 PDT"]
[Termination "Vice64 won on time"]

1. e4 c6 2. d4 d5 3. exd5 cxd5 4. c4 Nf6 5. Nc3 e6 6. Bg5 Be7 7.
c5 O-O 8. Rc1 Ne4 9. Bxe7 Qxe7 10. Bd3 Nxc3 11. Rxc3 e5 12. dxe5 Qxe5+ 13. Qe2 Qxe2+ 14.
Nxe2 Nc6 15. O-O d4 16. Rcc1 Be6 17. a3 a5 18. Be4 Rfd8 19. Rfd1 Bd5 20. Bxd5 Rxd5 21.
Nf4 Rd7 22. Nd3 f6 23. Re1 Kf7 24. Kf1 Rd5 25. Re2 Ne5 26. Rd2 Rc8 27. b4 axb4 28. axb4 g5 29. h3 h5 30. f4 Nxd3 31. Rxd3 b6 32. fxg5 bxc5 33. Rxc5 Rcxc5 34. bxc5 fxg5 35. Rf3+ Ke6 36. c6 Rc5 37. g4 h4 38. Rf5 Rxc6 39.
Rxg5 Rc3 40. Rh5 Rxh3 41. Ke2 Kf6 42. Kd2 Kg6 43. Ke2 Kf6 44. Kd2 Ke6 45. Ke2 Rh1 46.
Kd3 h3 47. Rh6+ Ke5 48. Ke2 h2 49. Kf2 Ra1 0-1

[Event "*** Titled Tuesday Blitz"]
[Site "Chess.com"]
[Date "2019.04.02"]
[Round "9"]
[White "Vuk2000"]
[Black "12teen"]
[Result "0-1"]
[WhiteElo "2706"]
[BlackElo "2662"]
[TimeControl "180+2"]
[EndTime "16:05:03 PDT"]
[Termination "12teen won by resignation"]

1. d4 b5 2. e4 a6 3. a4 Bb7 4. axb5 Bxe4 5. bxa6 Bb7 6. Nf3 e6 7. Nc3 Nxa6 8. Bb5 Nb4 9. Rb1 Nf6 10. O-O Be7 11.
Ne5 O-O 12. Bg5 d6 13. Bxf6 Bxf6 14. Nd7 c6 15. Nxf6+ Qxf6 16. Be2 c5 17. dxc5 dxc5 18. f3 Rfd8 19. Qc1 Qg6 20. Bd1 Rd4 21. Rf2 Rad8 22. Qe3 h5 23. Qe5 Nd5 24. Be2 Nf4 25. Kf1 Qxc2 26.
Qe3 Nxe2 27. Qxe2 Rd2 28. Qe1 Rxf2+ 29. Qxf2 Rd2 30. Qg3 Ba6+ 31. Kg1 h4 32. Qg5 h3 33. gxh3 Bb7 34. Qg3 Bd5 35. Rf1 Qxb2 36. Nd1 Qd4+ 37. Nf2 c4 38. Qb8+ Kh7 39. Qg3 c3 40. Qg4 Qxg4+ 41.
Nxg4 c2 42. Ne3 Bb3 43. h4 Rd1 44. Nxc2 Bxc2 0-1